 Dungeon Crawl Stone Soup version 0.30-a0-509-gd016549fea (webtiles) character file.

Game seed: 18116825331951954425

37 tilp the Shield-Bearer (level 3, -8/31 HPs)
             Began as a Meteoran Fighter on Dec 22, 2022.
             Mangled by a gnoll
             ... wielding a +1 halberd of pain
              (10 damage)
             ... on level 2 of the Dungeon.
             The game lasted 00:00:40 (112 turns).

tilp the Shield-Bearer (Meteoran Fighter)            Turns: 112, Time: 00:00:40

Health: -8/31      AC:  7    Str: 17    XL:     3   Next: 88%
Magic:  4/4        EV:  9    Int: 10    God:
Gold:   0          SH:  5    Dex: 15    Spells: 2/2 levels left

rFire   . . .      SeeInvis .    a - +0 long sword
rCold   . . .      Faith    .    c - +0 buckler
rNeg    . . .      Spirit   .    b - +0 scale mail
rPois   .          Reflect  .    (no helmet)
rElec   .          Harm     .    (no cloak)
rCorr   .          Rampage  .    (no gloves)
Will    .....                    (no boots)
Stlth   ..........               (no amulet)
HPRegen 0.25/turn                (no ring)
MPRegen 0.09/turn                (no ring)

@: mighty, glowing
A: sense surroundings 1, otherworldly, glowing, explore regen
a: no special abilities


You were on level 2 of the Dungeon.
You visited 1 branch of the dungeon, and saw 2 of its levels.

Inventory:

Hand Weapons
 a - a +0 long sword (weapon)
Missiles
 g - a throwing net (quivered)
Armour
 b - a +0 scale mail (worn)
 c - a +0 buckler (worn)
Scrolls
 e - 3 scrolls of identify {unknown}
Potions
 f - a potion of berserk rage {unknown}
 h - a potion of haste {unknown}


   Skills:
 + Level 3.5 Fighting
 + Level 2.8 Long Blades
 + Level 3.9 Armour
 * Level 1.7 Dodging
 + Level 0.5 Stealth
 + Level 3.9 Shields


You had 2 spell levels left.
You didn't know any spells.
Your spell library contained the following spells:

 Spells                   Type           Power      Damage    Failure   Level
 Sandblast                Erth           0%         2d4       85%         1
 Passwall                 Tmut/Erth      0%         N/A       94%         2
 Ignite Poison            Fire/Tmut/Pois 0%         N/A       99%         3
 Kindle Blastsparks       Fire/Tloc/Air  0%         2d10      99%         3
 Stone Arrow              Conj/Erth      0%         3d7       99%         3
 Freezing Cloud           Conj/Ice/Air   0%         6-21      100%        5


Dungeon Overview and Level Annotations

Branches:
Dungeon (2/15) Zot: 1081

Altars:


Innate Abilities, Weirdness & Mutations

You passively map a small area around you.
You are easily found by Zot.
You glow in the dark.
You regain HP and MP as you explore.


Message History

a +0 hand axe; a +0 scale mail; the human corpse of Terence Unknown command.
You slash the adder!
You kill the adder!
A gnoll comes into view. It is wielding a +0 halberd.
A gnoll comes into view. It is wielding a +0 club.
The gnoll shouts!
A gnoll comes into view. It is wielding a +1 halberd of pain.
The gnoll moves out of view.
The gnoll shouts!
The gnoll hits you from afar with a +0 halberd of freezing.
The gnoll freezes you. The gnoll barely misses you.
The gnoll hits you with a +0 halberd of freezing.
The gnoll freezes you.
You slash the gnoll!
The gnoll is almost dead.
You block the gnoll's attack.
The gnoll hits you with a +0 halberd of freezing.
The gnoll freezes you.
You barely miss the gnoll.
The gnoll is almost dead.
The gnoll hits you from afar with a +0 halberd.
* * * LOW HITPOINT WARNING * * *
You block the gnoll's attack.
The gnoll hits you from afar with a +1 halberd of pain.
* * * LOW HITPOINT WARNING * * *
Unknown command.
You closely miss the gnoll.
The gnoll is almost dead.
The gnoll hits you with a +0 halberd of freezing!
* * * LOW HITPOINT WARNING * * *
The gnoll freezes you.
* * * LOW HITPOINT WARNING * * *
You block the gnoll's attack.
Unknown command.
You slash the gnoll!
You kill the gnoll!
The gnoll hits you from afar with a +1 halberd of pain!
You die...

* , , , ,...
, ... , ..
##########.#,
** ,
#.....(....#*
,* *
#...$....gg#
#........g.#
#.......)@# *
#.........#
**,
#....†....#
*,
######).###
#....# * ,
#.#..# #<#..#
#..#..# ,
*#.##... * ,
,


You could see 3 gnolls.

Vanquished Creatures
  Terence (D:2)
  A gnoll (D:2)
  An adder (D:2)
  A dart slug (D:1)
  A frilled lizard (D:1)
5 creatures vanquished.

Notes
Turn   | Place    | Note
-------+----------+-------------------------------------------
     0 | D:1      | tilp the Meteoran Fighter began the quest for the Orb.
     0 | D:1      | Reached XP level 1. HP: 19/19 MP: 2/2
    94 | D:2      | Noticed Terence
   103 | D:2      | Killed Terence
   104 | D:2      | Reached skill level 1 in Dodging
   104 | D:2      | Reached XP level 2. HP: 18/26 MP: 3/3
   104 | D:2      | Reached XP level 3. HP: 22/31 MP: 4/4
   111 | D:2      | HP: 1/31 [gnoll/+0 halberd of freezing (2)]
   112 | D:2      | Mangled by a gnoll

Illustrated notes

Levels and vault maps discovered:
D:1:      matt_arrival_diagonals, layout_rooms, serial_forest,
          infiniplex_forest_lined_room_, infiniplex_forest_clump_medium,
          infiniplex_forest_clump_cross, infiniplex_forest_lined_room_2,
          infiniplex_forest_corner_2, infiniplex_forest_straight_2,
          infiniplex_forest_zigzag_1, infiniplex_forest_straight_2,
          infiniplex_forest_clump_tiny, dreamdust_wishing_well,
          minmay_tetromino_l4
D:2:      layout_rooms, uniq_terence

Skill      XL: |  1 |
---------------+----+-----
Dodging        | 1 |  1.7
Fighting       | |  3.5
Long Blades    | |  2.8
Armour         | |  3.9
Stealth        | |  0.5
Shields        | |  3.9

Action                   || total
-------------------------++-------
Melee: Long sword        ||    17
  Use: Potion            ||     1
Armor: Scale mail        ||     4
Dodge: Dodged            ||     5
Block: Buckler           ||     7

Table legend: (Time is in decaauts)
 A = Elapsed time spent in this place.
 B = Non-inter-level travel time spent in this place.
 C = Inter-level travel time spent in this place.
 D = Time resting spent in this place.
 E = Time spent auto-exploring this place.
 F = Levels seen in this place.
 G = Mean time per level.
                   A        B        C        D        E       F      G
               +--------+--------+--------+--------+--------+-----+--------+
         Total |    116 |    116 |      0 |      0 |      0 |   2 |   58.0 |
       Dungeon |    116 |    116 |      0 |      0 |      0 |   2 |   58.0 |
               +--------+--------+--------+--------+--------+-----+--------+

Top non-repeatable levels by time:
     D:1: 95 daAuts
     D:2: 21 daAuts
